[Event "January 2 Early 2024"]
[Site "https://www.chess.com"]
[Date "2024.01.02"]
[Round "8"]
[White "Tregubov, Pavel V."]
[Black "Rees, Ioan"]
[Result "1-0"]
[Board "82"]
[TimeControl "180+1"]
[WhiteFideId "4115341"]
[BlackFideId "1801236"]
[WhiteElo "2638"]
[BlackElo "2431"]
[WhiteTeam "FRA"]
[BlackTeam "WLS"]
[WhiteClock "0:02:31"]
[BlackClock "0:01:44"]

1. e4 c6 2. Nf3 d5 3. Nc3 dxe4 4. Nxe4 Nf6 5. Qe2 Nxe4 6. Qxe4 Nd7 7. Bc4 Nf6 8. Ne5 e6 9. Qf4 Qc7 10. d4 Bd6 11. O-O b5 12. Bd3 Bb7 13. Qg3 O-O 14. Bh6 Ne8 15. Bf4 Kh8 16. Qh4 Nf6 17. Bg5 1-0

[Event "January 2 Early 2024"]
[Site "https://www.chess.com"]
[Date "2024.01.02"]
[Round "8"]
[White "Poltorak, Sebastian"]
[Black "Astafurov, Arseniy"]
[Result "0-1"]
[Board "83"]
[TimeControl "180+1"]
[WhiteFideId "1199498"]
[BlackFideId "24175218"]
[WhiteElo "2629"]
[BlackElo "2427"]
[WhiteTeam "POL"]
[BlackTeam "RUS"]
[WhiteClock "0:00:02"]
[BlackClock "0:00:06"]

1. e4 e6 2. Nc3 d5 3. exd5 exd5 4. d4 c6 5. Bd3 Bd6 6. Nge2 Ne7 7. Bg5 f6 8. Bh4 Bf5 9. Bg3 O-O 10. Qd2 b5 11. O-O-O a5 12. Rhe1 Na6 13. Nf4 Nc7 14. Re2 a4 15. Rde1 b4 16. Nb1 Bxd3 17. Nxd3 Rf7 18. Bxd6 Qxd6 19. Nc5 Rb8 20. g4 Ng6 21. Nd3 Nh4 22. Qf4 Qxf4+ 23. Nxf4 Nf3 24. Rd1 Nxh2 25. Rg1 Nf3 26. Rd1 Kf8 27. Ne6+ Nxe6 28. Rxe6 Rc8 29. c3 Rb7 30. Re3 Ng5 31. cxb4 Rxb4 32. Nc3 Rcb8 33. Rd2 Rc4 34. Kb1 Nf7 35. a3 Nd6 36. Na2 Nb5 37. Nb4 Nxd4 38. Rd1 Nb5 39. Rde1 Nd6 40. Re6 Rd8 41. f4 d4 42. Re7 c5 43. Rc7 cxb4 44. Ree7 Rxc7 45. Rxc7 bxa3 46. bxa3 d3 47. Kc1 Ne4 48. Kd1 d2 0-1

[Event "January 2 Early 2024"]
[Site "https://www.chess.com"]
[Date "2024.01.02"]
[Round "8"]
[White "Golubev, Mikhail"]
[Black "Mikhalsky, Vladimir"]
[Result "1-0"]
[Board "84"]
[TimeControl "180+1"]
[WhiteFideId "14100983"]
[BlackFideId "14144352"]
[WhiteElo "2611"]
[BlackElo "2423"]
[WhiteTeam "UKR"]
[BlackTeam "UKR"]
[WhiteClock "0:00:07"]
[BlackClock "0:00:00"]

1. e4 g6 2. d4 Bg7 3. c4 d6 4. Nc3 e5 5. dxe5 Bxe5 6. Qc2 Nc6 7. Nf3 Bg7 8. Bg5 Nf6 9. O-O-O h6 10. Bf4 Nh5 11. Be3 O-O 12. Qd2 Kh7 13. h3 Nf6 14. Bd3 Ne5 15. Nxe5 dxe5 16. g4 c6 17. g5 Nh5 18. gxh6 Bf6 19. Ne2 b5 20. cxb5 cxb5 21. Kb1 Be6 22. Ng3 Nf4 23. Bxf4 exf4 24. Ne2 Qc7 25. Nxf4 Rfd8 26. Nxe6 fxe6 27. f4 Bd4 28. e5 Qb6 29. Qg2 Rg8 30. h4 Kh8 31. h7 Rg7 32. Bxg6 Be3 33. Qg5 Rf8 34. Rhf1 b4 35. h5 b3 36. a3 Qc5 37. h6 Rc7 38. Be4 Qc2+ 39. Bxc2 bxc2+ 40. Ka2 cxd1=Q 41. Rxd1 Bxf4 42. Qg4 Bxe5 43. Qxe6 Bf6 44. Rd7 1-0

[Event "January 2 Early 2024"]
[Site "https://www.chess.com"]
[Date "2024.01.02"]
[Round "8"]
[White "Novak, Ratko"]
[Black "Luo, Terry"]
[Result "0-1"]
[Board "85"]
[TimeControl "180+1"]
[WhiteFideId "14511827"]
[BlackFideId "30931045"]
[WhiteElo "2387"]
[BlackElo "2610"]
[WhiteTeam "CRO"]
[BlackTeam "USA"]
[WhiteClock "0:00:54"]
[BlackClock "0:02:42"]

1. d4 Nf6 2. c4 g6 3. Nc3 Bg7 4. e4 d6 5. f3 O-O 6. Be3 c5 7. dxc5 dxc5 8. Qxd8 Rxd8 9. Bxc5 Nc6 10. Nd5 Nd7 11. Nxe7+ Nxe7 12. Bxe7 Re8 13. Ba3 f5 14. O-O-O fxe4 15. fxe4 Nf6 16. Bd3 Bg4 17. Nf3 Nxe4 18. Bxe4 Rxe4 19. b3 Re2 20. Bc5 Bb2+ 0-1

[Event "January 2 Early 2024"]
[Site "https://www.chess.com"]
[Date "2024.01.02"]
[Round "8"]
[White "Gao, Raymond"]
[Black "Aaditya Dhingra"]
[Result "0-1"]
[Board "86"]
[TimeControl "180+1"]
[WhiteFideId "2629429"]
[BlackFideId "25678191"]
[WhiteElo "2367"]
[BlackElo "2606"]
[WhiteTeam "CAN"]
[BlackTeam "IND"]
[WhiteClock "0:02:00"]
[BlackClock "0:01:34"]

1. e4 e5 2. Nf3 Nc6 3. d4 exd4 4. Bc4 Nf6 5. e5 d5 6. Bb5 Ne4 7. Nxd4 Bd7 8. Bxc6 bxc6 9. O-O Be7 10. f3 Nc5 11. f4 Ne4 12. Nc3 O-O 13. f5 c5 14. Nde2 Nxc3 15. bxc3 Bb5 16. f6 gxf6 17. Nd4 cxd4 18. Bh6 Kh8 19. Qxd4 Bxf1 20. Rxf1 fxe5 21. Qxe5+ f6 22. Qg3 Rg8 23. Qd3 Rg6 24. Bf4 Qd7 25. Rf3 c6 26. Rh3 Rag8 27. Bg3 Bc5+ 28. Kf1 Qe7 0-1

[Event "January 2 Early 2024"]
[Site "https://www.chess.com"]
[Date "2024.01.02"]
[Round "8"]
[White "RaneshRatnesan"]
[Black "Shubenkova, Veronika"]
[Result "0-1"]
[Board "87"]
[TimeControl "180+1"]
[BlackFideId "44124040"]
[WhiteElo "2278"]
[BlackElo "2602"]
[BlackTeam "RUS"]
[WhiteClock "0:00:00"]
[BlackClock "0:00:36"]

1. d4 d5 2. c4 e6 3. Nc3 f5 4. g3 Nf6 5. Bg2 c6 6. Nh3 Bd6 7. Bf4 O-O 8. O-O Bc7 9. Rb1 Nbd7 10. Bxc7 Qxc7 11. Nf4 Re8 12. b4 Ne4 13. Qc2 Ndf6 14. Rfc1 g5 15. Nd3 Qg7 16. Ne5 Nd7 17. Nxd7 Bxd7 18. e3 a6 19. f3 Nd6 20. c5 Nc4 21. Qd3 e5 22. dxe5 Rxe5 23. e4 Be6 24. f4 gxf4 25. gxf4 fxe4 26. Qg3 Rh5 27. Kf2 Kh8 28. Qxg7+ Kxg7 29. Rg1 Kf6 30. Bf1 Rxh2+ 31. Kg3 Rh6 32. Bxc4 Rh3+ 33. Kf2 Rxc3 34. Be2 d4 35. Rh1 Rc2 36. Ke1 Bf5 37. Rh6+ Kg7 38. Rd6 d3 39. Bd1 Rh2 40. Kf1 Kf7 41. Kg1 Rh4 42. Kf2 Re8 43. Ke3 Rh3+ 44. Kd4 e3 45. Bb3+ Ke7 46. Rg1 Bg6 47. f5 Rh4+ 48. Ke5 Kf8+ 49. Kf6 Rf4 50. Rxg6 hxg6 51. Kxg6 e2 52. Rd7 Re3 0-1

[Event "January 2 Early 2024"]
[Site "https://www.chess.com"]
[Date "2024.01.02"]
[Round "8"]
[White "Sharapov, Evgeny"]
[Black "Ghosh, Chanchal Kumer"]
[Result "1-0"]
[Board "88"]
[TimeControl "180+1"]
[WhiteFideId "14103133"]
[BlackFideId "10201858"]
[WhiteElo "2557"]
[BlackElo "2082"]
[WhiteTeam "UKR"]
[BlackTeam "BAN"]
[WhiteClock "0:00:40"]
[BlackClock "0:00:00"]

1. e4 c5 2. Nf3 d6 3. d4 cxd4 4. Nxd4 Nf6 5. Nc3 a6 6. g3 e5 7. Nb3 Be6 8. Bg2 Be7 9. a4 b6 10. O-O O-O 11. Re1 Nbd7 12. Nd2 Qc7 13. Nf1 Rfc8 14. Ne3 Rab8 15. Ncd5 Bxd5 16. exd5 g6 17. c4 a5 18. b3 Nc5 19. Bb2 Re8 20. h4 Nfd7 21. h5 f5 22. hxg6 hxg6 23. f4 Bf6 24. Qc2 exf4 25. gxf4 Bxb2 26. Qxb2 Nd3 27. Qc3 Nxe1 28. Rxe1 Nc5 29. Qf6 Qg7 30. Qxd6 Nd3 31. Re2 Rbd8 32. Qxb6 Nxf4 33. Rf2 Nd3 34. Rd2 Rb8 35. Qxa5 Rxe3 36. d6 Qd4 37. Qd5+ Qxd5 38. Bxd5+ Kg7 39. a5 Rxb3 40. a6 Rb1+ 41. Kh2 Ne5 42. a7 Ra1 43. a8=Q Rxa8 44. Bxa8 Kf6 45. d7 Nxd7 46. Rxd7 Rc3 47. Bd5 g5 48. Rd8 Ke5 49. Rg8 g4 50. Kg2 Kf4 51. Kf1 Ke5 52. Ke2 g3 53. Kd2 Ra3 54. Rg5 Kf6 55. Rg8 Ke5 56. Re8+ Kd4 57. Ke2 f4 58. Re4+ Kc5 59. Rxf4 g2 60. Rg4 Ra2+ 61. Kf3 Rd2 62. Rxg2 Rd4 63. Ke3 Rd1 64. Rg6 Re1+ 65. Kd2 1-0

[Event "January 2 Early 2024"]
[Site "https://www.chess.com"]
[Date "2024.01.02"]
[Round "8"]
[White "Bardyk, Artem"]
[Black "Adelman, Charles"]
[Result "1/2-1/2"]
[Board "89"]
[TimeControl "180+1"]
[WhiteFideId "34349979"]
[BlackFideId "2003597"]
[WhiteElo "2728"]
[BlackElo "2241"]
[WhiteTeam "RUS"]
[BlackTeam "USA"]
[WhiteClock "0:00:08"]
[BlackClock "0:00:35"]

1. e4 Nf6 2. e5 Nd5 3. Bc4 e6 4. d4 d6 5. Nf3 Be7 6. O-O O-O 7. Qe2 b6 8. Bd3 Bb7 9. Be4 Qc8 10. a3 c5 11. exd6 Bxd6 12. dxc5 Bxc5 13. Rd1 Nf6 14. Bxb7 Qxb7 15. b4 Be7 16. Bb2 Nbd7 17. Nbd2 Rac8 18. c4 Rfd8 19. Nf1 Nf8 20. Rxd8 Rxd8 21. Rd1 Rxd1 22. Qxd1 Qd7 23. Qxd7 N8xd7 24. Ne3 Ne4 25. Kf1 h6 26. Ke2 f5 27. Ne5 Bf6 28. Nd3 Bxb2 29. Nxb2 Kf7 30. f3 Nd6 31. Nd3 Nb7 32. g4 Kf6 33. gxf5 exf5 34. Nd5+ Ke6 35. Ke3 Ne5 36. Nc7+ Kf6 37. Ne8+ Ke7 38. Nxg7 Nxc4+ 39. Kd4 Nxa3 40. Nxf5+ Kf6 41. Nxh6 a5 42. bxa5 bxa5 43. h4 Nc2+ 44. Kc3 Ne3 45. Ng4+ Nxg4 46. fxg4 Nd6 47. Nc5 Ke5 48. Nd3+ Ke4 49. Kd2 Kf3 50. g5 Kg4 51. g6 Ne8 52. h5 Kxh5 53. g7 Nxg7 54. Kc3 Kg4 55. Kb3 Ne6 56. Ka4 Nc5+ 57. Kxa5 1/2-1/2

[Event "January 2 Early 2024"]
[Site "https://www.chess.com"]
[Date "2024.01.02"]
[Round "8"]
[White "Ljukin, Sergei"]
[Black "Liyanage, Ranindu Dilshan"]
[Result "1/2-1/2"]
[Board "90"]
[TimeControl "180+1"]
[WhiteFideId "14102200"]
[BlackFideId "9915834"]
[WhiteElo "2523"]
[BlackElo "2708"]
[WhiteTeam "UKR"]
[BlackTeam "SRI"]
[WhiteClock "0:00:06"]
[BlackClock "0:00:23"]

1. e4 c5 2. Nf3 a6 3. c4 Nc6 4. d4 cxd4 5. Nxd4 Nf6 6. Nc3 e5 7. Nf5 d5 8. cxd5 Bxf5 9. exf5 Nd4 10. Bd3 Nxd5 11. O-O Nxc3 12. bxc3 Nc6 13. Rb1 Qc7 14. Qg4 h5 15. Qg5 Bc5 16. Be3 Bxe3 17. Qxe3 O-O-O 18. Be4 Rd6 19. h3 Rhd8 20. Rb6 Na5 21. Rxd6 Rxd6 22. Qg5 f6 23. Qxh5 Qxc3 24. Qf7 Rd7 25. Qe6 Qc4 26. Rb1 Qxe4 27. Rc1+ Nc6 28. Rd1 Nd4 29. Rc1+ Nc2 30. Qb3 Rc7 31. Qg8+ Kd7 32. Qe6+ Kd8 33. Qg8+ Ke7 34. Qxg7+ Kd6 35. Qxf6+ Kd5 36. Qe6+ Kc5 37. Qb3 Kd6 38. Qe6+ Kc5 39. Qb3 Kd4 40. Rd1+ Kc5 41. Rc1 1/2-1/2

[Event "January 2 Early 2024"]
[Site "https://www.chess.com"]
[Date "2024.01.02"]
[Round "8"]
[White "Injac, Teodora"]
[Black "Lehtosaari, Mauri"]
[Result "1-0"]
[Board "91"]
[TimeControl "180+1"]
[WhiteFideId "932400"]
[BlackFideId "501999"]
[WhiteElo "2653"]
[BlackElo "2511"]
[WhiteTeam "SRB"]
[BlackTeam "FIN"]
[WhiteClock "0:00:05"]
[BlackClock "0:00:00"]

1. d4 d5 2. Nf3 Nf6 3. c4 c6 4. g3 Bf5 5. Bg2 e6 6. O-O Bd6 7. Nc3 O-O 8. b3 Nbd7 9. Bb2 h6 10. Nd2 Bb4 11. a3 Be7 12. e4 dxe4 13. Ndxe4 Nxe4 14. Nxe4 Nf6 15. Nc3 Qc7 16. Qe2 Rfe8 17. Rad1 Rad8 18. Rfe1 Bg4 19. Bf3 Bxf3 20. Qxf3 a6 21. Rd3 Qa5 22. Red1 Qh5 23. Kg2 Qxf3+ 24. Kxf3 Rd7 25. g4 Bd6 26. h4 Bc7 27. g5 hxg5 28. hxg5 Nh5 29. Bc1 g6 30. Be3 Red8 31. Ne4 Kg7 32. Nc5 Bd6 33. Nxd7 Rxd7 34. a4 Bb4 35. d5 cxd5 36. cxd5 e5 37. d6 f6 38. gxf6+ Kxf6 39. Bb6 Ke6 40. Bc7 Nf6 41. Ke2 Ne4 42. Rg1 Kf5 43. Rf3+ Ke6 44. Rxg6+ Kd5 45. Rd3+ Kc5 46. f3 Nc3+ 47. Kf2 Nd5 48. Rd1 Bc3 49. Rc1 Kb4 50. Re6 Bd4+ 51. Kf1 Nf4 52. Re7 1-0

[Event "January 2 Early 2024"]
[Site "https://www.chess.com"]
[Date "2024.01.02"]
[Round "8"]
[White "Niedbala, Bartlomiej"]
[Black "Lebedev, Artem S."]
[Result "1-0"]
[Board "92"]
[TimeControl "180+1"]
[WhiteFideId "21834008"]
[BlackFideId "34272747"]
[WhiteElo "2628"]
[BlackElo "2505"]
[WhiteTeam "POL"]
[BlackTeam "RUS"]
[WhiteClock "0:00:32"]
[BlackClock "0:00:00"]

1. e4 c5 2. Nf3 e6 3. d4 cxd4 4. Nxd4 Nc6 5. Nc3 Qc7 6. Be3 a6 7. Qf3 Nf6 8. O-O-O b5 9. e5 b4 10. exf6 bxc3 11. Nxc6 cxb2+ 12. Kb1 Qxc6 13. Qxc6 dxc6 14. fxg7 Bxg7 15. Bd3 O-O 16. Be4 a5 17. Bc5 Ba6 18. Bxf8 Rxf8 19. Bxc6 Rc8 20. Be4 a4 21. Rd6 Bb5 22. Rhd1 a3 23. Rd8+ Rxd8 24. Rxd8+ Bf8 25. Rc8 Kg7 26. c4 Ba6 27. Rc7 Bd6 28. Rd7 Bc5 29. Bd3 Bxf2 30. Ra7 Bc8 31. Rxa3 Bd4 32. Rb3 e5 33. a4 Be6 34. a5 e4 35. Bxe4 Bxc4 36. Rg3+ Kf8 37. Bxh7 Be5 38. Rh3 Be6 39. Ra3 f5 40. Rf3 Ke7 41. Bxf5 Bd5 42. Re3 Kf6 43. Be4 Bd4 44. Rf3+ Ke5 45. Bxd5 Kxd5 46. Rd3 Kc4 47. Rxd4+ Kxd4 48. a6 Kc5 49. a7 1-0

[Event "January 2 Early 2024"]
[Site "https://www.chess.com"]
[Date "2024.01.02"]
[Round "8"]
[White "Gontcharov, Vladislav"]
[Black "Korpics, Zsolt"]
[Result "1-0"]
[Board "93"]
[TimeControl "180+1"]
[WhiteFideId "4123492"]
[BlackFideId "705241"]
[WhiteElo "2626"]
[BlackElo "2503"]
[WhiteTeam "RUS"]
[BlackTeam "HUN"]
[WhiteClock "0:00:02"]
[BlackClock "0:00:00"]

1. e4 c5 2. Nf3 e6 3. d4 cxd4 4. Nxd4 Nc6 5. Nb5 d6 6. c4 Nf6 7. N5c3 Be7 8. Be2 O-O 9. O-O a6 10. Be3 Qc7 11. Na3 b6 12. Rc1 Nb8 13. f4 Nbd7 14. Bf3 Bb7 15. b4 Rac8 16. g4 d5 17. cxd5 Bxb4 18. Na4 Qb8 19. Nc2 Bc5 20. Nd4 exd5 21. e5 Ne4 22. Bxe4 dxe4 23. Nxc5 Nxc5 24. Nf5 Rcd8 25. Qe2 Nd3 26. Rc4 b5 27. Rd4 Rxd4 28. Bxd4 Qc7 29. Qe3 Bd5 30. a3 Be6 31. Nd6 Bxg4 32. Qxe4 Nc5 33. Qg2 Bh5 34. f5 Nb3 35. Bb2 Qc5+ 36. Kh1 Nd4 37. Ne4 Qb6 38. Ng3 Bg4 39. Rf4 Bf3 40. Rxf3 Nxf3 41. Qxf3 Rc8 42. f6 g6 43. Ne4 Qc6 44. Bc3 Qd5 45. Bb4 Rc4 46. Ng5 Qxf3+ 47. Nxf3 Rf4 48. Kg2 Re4 49. Kf2 h5 50. Be7 h4 51. Bd6 Kh7 52. Ng5+ Kh6 53. Nxe4 1-0

[Event "January 2 Early 2024"]
[Site "https://www.chess.com"]
[Date "2024.01.02"]
[Round "8"]
[White "Ladan, Nicholas"]
[Black "Mirzoev, Azer"]
[Result "0-1"]
[Board "94"]
[TimeControl "180+1"]
[WhiteFideId "30918855"]
[BlackFideId "13400304"]
[WhiteElo "2502"]
[BlackElo "2616"]
[WhiteTeam "USA"]
[BlackTeam "AZE"]
[WhiteClock "0:00:02"]
[BlackClock "0:01:39"]

1. d4 Nf6 2. Nf3 e6 3. g3 b5 4. Bg2 Bb7 5. O-O c5 6. c4 bxc4 7. Qa4 cxd4 8. Rd1 d3 9. exd3 cxd3 10. Rxd3 Be7 11. Bf4 Na6 12. Qb5 Qb6 13. Qxb6 axb6 14. Rb3 Nd5 15. Ne5 Nc5 16. Bxd5 Bxd5 17. Rxb6 f6 18. Nf3 Bxf3 19. Nc3 O-O 20. a4 Rfc8 21. a5 Nd3 22. Be3 Nxb2 23. Rxb2 Rxc3 24. a6 Bc5 25. a7 Bxe3 26. fxe3 Kf7 27. Kf2 Bc6 28. Rb8 Ke7 29. Ra6 Rc2+ 30. Ke1 Bf3 31. Rxa8 Bxa8 32. Rb6 Rc7 33. Rb7 0-1

[Event "January 2 Early 2024"]
[Site "https://www.chess.com"]
[Date "2024.01.02"]
[Round "8"]
[White "Yagupov, Igor"]
[Black "Spitzl, Vinzent"]
[Result "1-0"]
[Board "95"]
[TimeControl "180+1"]
[WhiteFideId "4113632"]
[BlackFideId "12901253"]
[WhiteElo "2608"]
[BlackElo "2495"]
[WhiteTeam "RUS"]
[BlackTeam "GER"]
[WhiteClock "0:00:20"]
[BlackClock "0:00:00"]

1. e4 c5 2. Nf3 d6 3. d4 cxd4 4. Nxd4 Nf6 5. Nc3 a6 6. Be3 e5 7. Nb3 Be7 8. f3 Be6 9. Qd2 h5 10. Nd5 Nxd5 11. exd5 Bf5 12. c4 Nd7 13. Na5 Qc7 14. Be2 O-O 15. O-O Bg6 16. b4 f5 17. Rac1 f4 18. Bf2 e4 19. fxe4 Ne5 20. c5 Bg5 21. Qd1 Bxe4 22. Rc3 Rae8 23. Bxh5 g6 24. Be2 Qf7 25. Bd4 Qxd5 26. Bxe5 Qxe5 27. Qb3+ Kh7 28. cxd6 Qxd6 29. Rh3+ Kg7 30. Qc3+ Bf6 31. Qe1 Bd4+ 32. Kh1 Bf5 33. Rb3 Bg4 34. Bxg4 Rxe1 35. Rxe1 b6 36. Nc4 Qd5 37. Nd2 Rf7 38. Nf3 Bf6 39. Be6 Qc4 40. Bxc4 1-0

[Event "January 2 Early 2024"]
[Site "https://www.chess.com"]
[Date "2024.01.02"]
[Round "8"]
[White "Assylov, Miras"]
[Black "Namitbir Singh Walia"]
[Result "1-0"]
[Board "96"]
[TimeControl "180+1"]
[WhiteFideId "13728873"]
[BlackFideId "35071068"]
[WhiteElo "2603"]
[BlackElo "2471"]
[WhiteTeam "KAZ"]
[BlackTeam "IND"]
[WhiteClock "0:00:16"]
[BlackClock "0:00:00"]

1. b3 Nf6 2. Bb2 g6 3. Bxf6 exf6 4. c4 f5 5. Nc3 Bg7 6. Rc1 O-O 7. e3 b6 8. Be2 Bb7 9. Bf3 Nc6 10. d4 f4 11. exf4 Bxd4 12. Nge2 Bg7 13. O-O Re8 14. Qd2 d6 15. Rfe1 Qd7 16. Nb5 Rab8 17. Bd5 a6 18. Nbd4 Nxd4 19. Nxd4 c6 20. Bf3 Rxe1+ 21. Rxe1 Re8 22. Re3 h5 23. h4 Bf6 24. g3 Kg7 25. Nc2 Re7 26. Rxe7 Qxe7 27. Ne3 Qe6 28. f5 Qe5 29. fxg6 fxg6 30. Kg2 Qd4 31. Qc2 b5 32. cxb5 axb5 33. Bxc6 Bc8 34. Bxb5 Be6 35. Bc4 d5 36. Bd3 Bf7 37. Be2 Be5 38. Bf3 Bd6 39. Bxh5 Qe5 40. Bf3 d4 41. Nc4 Bxc4 42. Qxc4 Qc5 43. Qxc5 Bxc5 44. Be4 Kf6 45. f4 Bb4 46. Kf3 Be1 47. Bd3 Ke6 48. Bxg6 1-0

[Event "January 2 Early 2024"]
[Site "https://www.chess.com"]
[Date "2024.01.02"]
[Round "8"]
[White "Ambartsumova, Karina"]
[Black "Carre, Sylvain"]
[Result "1-0"]
[Board "97"]
[TimeControl "180+1"]
[WhiteFideId "4166299"]
[BlackFideId "642118"]
[WhiteElo "2592"]
[BlackElo "2426"]
[WhiteTeam "RUS"]
[BlackTeam "FRA"]
[WhiteClock "0:01:13"]
[BlackClock "0:00:06"]

1. d4 d5 2. c4 c5 3. dxc5 d4 4. e3 e5 5. Nf3 Nc6 6. exd4 exd4 7. Bd3 Bxc5 8. O-O Nf6 9. a3 a5 10. h3 O-O 11. Bg5 h6 12. Bh4 Re8 13. Nbd2 Be7 14. Qc2 Nd7 15. Bxe7 Rxe7 16. Rfe1 Nc5 17. Rxe7 Qxe7 18. Re1 Be6 19. Nb3 a4 20. Nbxd4 Nxd4 21. Nxd4 Rd8 22. Bh7+ Kh8 23. Nxe6 Nxe6 24. Bf5 Qf6 25. Bxe6 fxe6 26. Re2 e5 27. Qxa4 Rf8 28. Qc2 Qf5 29. Qxf5 Rxf5 30. Rd2 Rf4 31. b3 Re4 32. Rd7 Re1+ 33. Kh2 Ra1 34. Rxb7 Rxa3 35. c5 Ra2 36. c6 Rc2 37. c7 Kh7 38. b4 e4 39. b5 1-0

[Event "January 2 Early 2024"]
[Site "https://www.chess.com"]
[Date "2024.01.02"]
[Round "8"]
[White "Grave, Jacob Templen"]
[Black "AmanteDeMoi"]
[Result "0-1"]
[Board "98"]
[TimeControl "180+1"]
[WhiteFideId "1542656"]
[WhiteElo "2417"]
[BlackElo "2570"]
[WhiteTeam "NOR"]
[WhiteClock "0:00:03"]
[BlackClock "0:00:16"]

1. d4 g6 2. c4 Bg7 3. e4 d6 4. Nc3 e5 5. dxe5 dxe5 6. Qxd8+ Kxd8 7. f4 Nc6 8. Nf3 Nd4 9. Bd3 Nxf3+ 10. gxf3 Ne7 11. Be3 exf4 12. Bxf4 Bxc3+ 13. bxc3 Be6 14. h4 Re8 15. Kf2 Kc8 16. c5 Nc6 17. h5 a6 18. hxg6 hxg6 19. Rh7 Nb8 20. a4 Nd7 21. Be3 Ne5 22. Be2 Bb3 23. a5 Be6 24. Rb1 Ba2 25. Rb2 Be6 26. Rb1 Nc6 27. Ra1 Ne7 28. Bd4 Nc6 29. Bf6 Nb8 30. Rb1 Nd7 31. Bd4 Nf8 32. Rh8 Bd7 33. Bc4 Ne6 34. Rxe8+ Bxe8 35. Bxe6+ fxe6 36. Rh1 Kd7 37. Rh7+ Kc6 38. Re7 Bd7 39. Rg7 Rf8 40. Rxg6 Rf7 41. Ke3 Kb5 42. Rg7 Rxg7 43. Bxg7 Kxa5 44. Kd4 Kb5 45. Be5 c6 46. f4 a5 47. f5 exf5 48. exf5 Bxf5 49. c4+ Kb4 50. Bf4 a4 51. Ke5 Bd3 52. Kd6 Bxc4 53. Be5 Ba6 54. Kc7 Kb3 55. Kb6 a3 56. Ka5 a2 57. Kb6 Kc2 58. Ka7 Kb1 59. Kb6 a1=Q 60. Bxa1 Kxa1 0-1

[Event "January 2 Early 2024"]
[Site "https://www.chess.com"]
[Date "2024.01.02"]
[Round "8"]
[White "Gomez Falagan, Daniel"]
[Black "Ginzburg, Yakov"]
[Result "1/2-1/2"]
[Board "99"]
[TimeControl "180+1"]
[WhiteFideId "54509947"]
[BlackFideId "4157176"]
[WhiteElo "2378"]
[BlackElo "2561"]
[WhiteTeam "ESP"]
[BlackTeam "RUS"]
[WhiteClock "0:01:04"]
[BlackClock "0:00:17"]

1. Nf3 Nf6 2. b3 d6 3. d4 Nbd7 4. Bb2 g6 5. g3 Bg7 6. Bg2 O-O 7. O-O e5 8. dxe5 Ng4 9. c4 Ngxe5 10. Qd2 Nxf3+ 11. Bxf3 Ne5 12. Bg2 Bd7 13. Bxb7 Bh3 14. Bg2 Bxg2 15. Kxg2 Qc8 16. Nc3 Rb8 17. Nd5 Qd8 18. Rac1 Re8 19. Rfd1 c6 20. Ne3 Bf8 21. Qd4 f6 22. h4 Rb7 23. h5 Bh6 24. Rh1 Bxe3 25. Qxe3 Nxc4 26. Qc3 Nxb2 27. Qxb2 g5 28. Rxc6 Rbe7 29. e3 Qa8 30. Rc1 Rc7 31. Qxf6 Rxc6 32. Qxg5+ Kh8 33. Qf6+ Kg8 34. Qg5+ Kh8 35. Qf6+ Kg8 36. Qg5+ 1/2-1/2

[Event "January 2 Early 2024"]
[Site "https://www.chess.com"]
[Date "2024.01.02"]
[Round "8"]
[White "Kilpatrick, Callum"]
[Black "Lira, Suan Bruno Fernandes"]
[Result "1-0"]
[Board "100"]
[TimeControl "180+1"]
[WhiteFideId "414425"]
[BlackFideId "22794620"]
[WhiteElo "2547"]
[BlackElo "2365"]
[WhiteTeam "ENG"]
[BlackTeam "BRA"]
[WhiteClock "0:02:17"]
[BlackClock "0:01:19"]

1. e3 d5 2. Nf3 Nf6 3. d4 c5 4. Be2 Nc6 5. O-O Bg4 6. b3 e6 7. Bb2 cxd4 8. exd4 Bd6 9. Ne5 Bxe2 10. Qxe2 O-O 11. c4 Ne4 12. Nd2 Nxd2 13. Qxd2 dxc4 14. Nxc6 bxc6 15. bxc4 Rb8 16. Rfd1 Qf6 17. g3 Rfd8 18. Bc3 Qg6 19. Rac1 Ba3 20. Rc2 c5 21. d5 exd5 22. cxd5 Rxd5 23. Qxd5 Qxc2 24. Qd8+ 1-0

[Event "January 2 Early 2024"]
[Site "https://www.chess.com"]
[Date "2024.01.02"]
[Round "8"]
[White "Kleibel, Uwe"]
[Black "Ismayil, Malak"]
[Result "0-1"]
[Board "101"]
[TimeControl "180+1"]
[WhiteFideId "1270982"]
[BlackFideId "13412604"]
[WhiteElo "2364"]
[BlackElo "2543"]
[WhiteTeam "GER"]
[BlackTeam "AZE"]
[WhiteClock "0:00:12"]
[BlackClock "0:00:24"]

1. e4 e5 2. Nf3 Nc6 3. d4 exd4 4. Nxd4 Bc5 5. Nxc6 bxc6 6. Nc3 d6 7. Qe2 Nf6 8. Be3 Bb4 9. Qc4 a5 10. a3 Bxc3+ 11. Qxc3 c5 12. O-O-O Qe7 13. f3 Be6 14. Bb5+ Kf8 15. Rhe1 h6 16. Bc6 Ra6 17. Bb5 Rb6 18. Qxa5 Kg8 19. Bd3 g6 20. Qd2 Kg7 21. g4 Nd7 22. Qc3+ Kh7 23. h4 Rhb8 24. b3 Bxb3 25. cxb3 Rxb3 26. Qc2 Ne5 27. Be2 Rxa3 28. h5 Rxe3 29. hxg6+ fxg6 30. f4 Nc6 31. f5 Nd4 32. Rxd4 cxd4 33. fxg6+ Kg7 34. Qd2 Rc3+ 35. Kd1 Rb1+ 0-1

[Event "January 2 Early 2024"]
[Site "https://www.chess.com"]
[Date "2024.01.02"]
[Round "8"]
[White "Parfenov, Viktor N."]
[Black "Szente Varga, Fruzsina"]
[Result "1-0"]
[Board "102"]
[TimeControl "180+1"]
[WhiteFideId "4165969"]
[BlackFideId "712264"]
[WhiteElo "2540"]
[BlackElo "2302"]
[WhiteTeam "RUS"]
[BlackTeam "HUN"]
[WhiteClock "0:02:18"]
[BlackClock "0:00:39"]

1. d4 Nf6 2. c4 g6 3. Nc3 Bg7 4. e4 d6 5. f3 O-O 6. Be3 c5 7. Nge2 cxd4 8. Nxd4 Nc6 9. Be2 Bd7 10. O-O a5 11. Ndb5 a4 12. Nxa4 Be6 13. Nb6 Ra6 14. Nd5 Nd7 15. Qd2 Bxd5 16. cxd5 Na5 17. Nd4 Nb6 18. Bxa6 bxa6 19. Qxa5 1-0

[Event "January 2 Early 2024"]
[Site "https://www.chess.com"]
[Date "2024.01.02"]
[Round "8"]
[White "Buscar, Michael"]
[Black "Rangel, Daniel"]
[Result "1-0"]
[Board "103"]
[TimeControl "180+1"]
[WhiteFideId "2603616"]
[BlackFideId "2124475"]
[WhiteElo "2364"]
[BlackElo "2537"]
[WhiteTeam "CAN"]
[BlackTeam "BRA"]
[WhiteClock "0:00:09"]
[BlackClock "0:00:08"]

1. d4 Nf6 2. c4 e6 3. Nc3 d5 4. cxd5 exd5 5. Bg5 Be7 6. e3 O-O 7. Bd3 c6 8. Nge2 Nbd7 9. O-O Re8 10. f3 c5 11. Bh4 a6 12. Bf2 b5 13. a3 Rb8 14. dxc5 Nxc5 15. Bc2 Bb7 16. Nd4 Rc8 17. Qd2 Nfd7 18. Nf5 Bf6 19. Nd6 Ba8 20. Nxd5 Bxb2 21. Ra2 Be5 22. Nxc8 Qxc8 23. Bf5 g6 24. Bh3 Qb7 25. e4 Kg7 26. Rc1 Ne6 27. Rac2 Nf6 28. Nxf6 Bxf6 29. Bxe6 Rxe6 30. Rc7 Qb8 31. Rc8 Qe5 32. Rxa8 Rd6 33. Qe3 Qb2 34. Rf1 Rd2 35. Qc5 Rxf2 36. Qf8# 1-0

[Event "January 2 Early 2024"]
[Site "https://www.chess.com"]
[Date "2024.01.02"]
[Round "8"]
[White "Skurikhin, Dmitrij"]
[Black "Manukyan, Artyom"]
[Result "1-0"]
[Board "104"]
[TimeControl "180+1"]
[WhiteFideId "4161297"]
[BlackFideId "13305786"]
[WhiteElo "2283"]
[BlackElo "2532"]
[WhiteTeam "RUS"]
[BlackTeam "ARM"]
[WhiteClock "0:02:18"]
[BlackClock "0:02:40"]

1. d4 d5 2. Nf3 Nf6 3. c4 e6 4. Nc3 c5 5. cxd5 Nxd5 6. e4 Nxc3 7. bxc3 cxd4 8. cxd4 Bb4+ 9. Bd2 Bxd2+ 10. Qxd2 O-O 11. Bc4 b6 12. O-O Bb7 13. Rfe1 Nc6 14. Rad1 Rc8 15. Bf1 Na5 16. d5 exd5 17. exd5 Qd6 18. Ng5 Rc5 19. Ne4 Qxd5 20. Nxc5 Qxc5 21. Qd4 Qg5 22. Re5 Qg6 23. Qd6 Qg4 24. Qxf8+ 1-0